[Event "Titled Tuesday Blitz March 21 Early 2023"]
[White "Bongo Akanga Ndjila, Barthelemy"]
[Black "Ben Artzi, Ido"]
[WhiteFideId "10609431"]
[BlackFideId "2810913"]
[WhiteElo "1768"]
[BlackElo "2204"]
[Result "0-1"]
[Round "04"]
[TimeControl "180+2"]
[Date "2023.03.21"]
[WhiteClock "0:01:11"]
[BlackClock "0:01:22"]

1. d4 Nf6 2. c4 c5 3. d5 b5 4. cxb5 a6 5. e3 g6 6. Nc3 Bg7 7. a4 O-O 8. Nf3 e6 9. e4 axb5 10. Bxb5 exd5 11. exd5 Re8+ 12. Be2 Ba6 13. O-O Bxe2 14. Nxe2 Na6 15. Nc3 Nb4 16. Bg5 Qb6 17. Nd2 Nfxd5 18. Nc4 Qc6 19. Nxd5 Nxd5 20. a5 Re4 21. Qb3 Rg4 22. Be3 Rxg2+ 23. Kxg2 Nxe3+ 24. Kg3 Qg2+ 25. Kf4 Nd5# 0-1


[Site "https://www.chess.com"]

[Event "Titled Tuesday Blitz March 21 Early 2023"]
[White "Stelmaszyk, Nico"]
[Black "Palacio,Igor Da Paz"]
[WhiteFideId "16200462"]
[BlackFideId "2121140"]
[WhiteElo "2255"]
[BlackElo "2126"]
[Result "0-1"]
[Round "04"]
[TimeControl "180+2"]
[Date "2023.03.21"]
[WhiteClock "0:01:56"]
[BlackClock "0:01:34"]

1. e4 d6 2. d4 Nf6 3. Nc3 g6 4. f4 Bg7 5. Nf3 O-O 6. Be3 b6 7. h3 c5 8. d5 a6 9. a4 Bb7 10. Bd3 e6 11. dxe6 fxe6 12. O-O d5 13. exd5 exd5 14. Ng5 h6 15. Ne6 Qe8 16. Nxf8 Qxe3+ 17. Kh1 d4 18. Nxg6 Qxh3+ 0-1


[Site "https://www.chess.com"]

[Event "Titled Tuesday Blitz March 21 Early 2023"]
[White "Tarnowska, Aleksandra"]
[Black "Khamdamova, Afruza"]
[WhiteFideId "1180967"]
[BlackFideId "14210444"]
[WhiteElo "1776"]
[BlackElo "2210"]
[Result "0-1"]
[Round "04"]
[TimeControl "180+2"]
[Date "2023.03.21"]
[WhiteClock "0:00:02"]
[BlackClock "0:00:43"]

1. e4 e5 2. Nf3 Nc6 3. Bb5 a6 4. Ba4 Nf6 5. O-O Be7 6. Re1 b5 7. Bb3 O-O 8. d4 d6 9. h3 Nxd4 10. Nxd4 exd4 11. Qxd4 c5 12. Qd3 c4 13. Bxc4 bxc4 14. Qxc4 Be6 15. Qd3 Qb6 16. Nc3 Rfc8 17. Rb1 d5 18. e5 Nd7 19. Be3 Nc5 20. Qd4 Qc6 21. a3 Ne4 22. Nxe4 dxe4 23. Bf4 Qxc2 24. Rbc1 Qd3 25. Rxc8+ Rxc8 26. Qa7 Bc5 27. Qb7 Qc2 28. Bg3 h6 29. Rxe4 Rd8 30. Rf4 Rd1+ 31. Kh2 Qc1 32. Qa8+ Kh7 33. Qe4+ g6 34. Bh4 Bd5 0-1


[Site "https://www.chess.com"]

[Event "Titled Tuesday Blitz March 21 Early 2023"]
[White "Donskov, Anatoly"]
[Black "Vargas Rodriguez, Wilver"]
[WhiteFideId "24143413"]
[BlackFideId "3509672"]
[WhiteElo "2247"]
[BlackElo "2238"]
[Result "1-0"]
[Round "04"]
[TimeControl "180+2"]
[Date "2023.03.21"]
[WhiteClock "0:01:23"]
[BlackClock "0:00:01"]

1. e4 c5 2. Nf3 d6 3. d4 cxd4 4. Nxd4 Nf6 5. Nc3 a6 6. Rg1 g6 7. g4 h5 8. g5 Nfd7 9. f4 Bg7 10. Be3 b5 11. Qd2 Bb7 12. O-O-O Nc5 13. Bg2 Nbd7 14. Kb1 Nb6 15. Qf2 Nc4 16. Bc1 Rc8 17. f5 b4 18. Nd5 Bxd5 19. exd5 Ne5 20. Rgf1 O-O 21. f6 exf6 22. gxf6 Ng4 23. fxg7 Nxf2 24. gxf8=Q+ Qxf8 25. Rxf2 Qg7 26. Bg5 Nd7 27. Nc6 f6 28. Be3 Ne5 29. Nd4 1-0


[Site "https://www.chess.com"]

[Event "Titled Tuesday Blitz March 21 Early 2023"]
[White "Torres Dominguez, David"]
[Black "Khandelwal, Ankush"]
[WhiteFideId "2220857"]
[BlackFideId "413470"]
[WhiteElo "1999"]
[BlackElo "2263"]
[Result "0-1"]
[Round "04"]
[TimeControl "180+2"]
[Date "2023.03.21"]
[WhiteClock "0:00:05"]
[BlackClock "0:00:06"]

1. e4 c5 2. Nc3 Nc6 3. Bb5 Nd4 4. Bc4 e6 5. Nge2 Nf6 6. O-O a6 7. a4 d5 8. exd5 exd5 9. Nxd4 cxd4 10. Re1+ Be7 11. Nxd5 Nxd5 12. Qh5 Be6 13. Rxe6 g6 14. Qe5 Rf8 15. Bxd5 fxe6 16. Bxb7 Ra7 17. Bc6+ Kf7 18. d3 Bd6 19. Qe4 Qf6 20. Bh6 Rc8 21. Re1 Rac7 22. Bb7 Rb8 23. Bxa6 Rxc2 24. Bc4 Qxf2+ 25. Kh1 Re8 26. Bxe6+ Kf6 27. h4 Rxb2 28. h5 gxh5 29. Rc1 Rxe6 30. Bg5+ Kxg5 31. Qxe6 Qxg2# 0-1


[Site "https://www.chess.com"]

[Event "Titled Tuesday Blitz March 21 Early 2023"]
[White "Aarav Dengla"]
[Black "Lwanga, Aguda"]
[WhiteFideId "45059756"]
[BlackFideId "10801529"]
[WhiteElo "2285"]
[BlackElo "1475"]
[Result "0-1"]
[Round "04"]
[TimeControl "180+2"]
[Date "2023.03.21"]
[WhiteClock "0:00:02"]
[BlackClock "0:00:08"]

1. e4 e5 2. Nf3 Nc6 3. Bc4 Bc5 4. c3 Nf6 5. d4 exd4 6. cxd4 Bb4+ 7. Nc3 Nxe4 8. O-O Bxc3 9. bxc3 d5 10. Bd3 O-O 11. Qc2 Re8 12. h3 Bf5 13. Rb1 Rb8 14. Bf4 Qf6 15. Bxc7 Rbc8 16. Rxb7 Qe7 17. c4 Nb4 18. Qb3 Nxd3 19. Be5 Qe6 20. Qxd3 Nc5 21. Qa3 Nxb7 22. Qxa7 Nd6 23. c5 Nc4 24. Qb7 Be4 25. Ng5 Qg6 26. Nxe4 dxe4 27. Bg3 e3 28. fxe3 Qxg3 29. Qxf7+ Kh8 30. Qxc4 Qxe3+ 31. Kh1 Rcd8 32. Rd1 Re4 33. c6 Rexd4 34. Rxd4 Qxd4 35. c7 Qd1+ 36. Kh2 Qd6+ 37. Kg1 Rc8 38. Qb3 Qxc7 39. Kh1 Qc2 40. Kh2 Qxb3 41. axb3 Rb8 42. b4 Rxb4 43. Kg3 g5 44. Kf3 h5 45. Kg3 Kg7 46. Kf3 Kg6 47. g3 Kf5 48. Ke3 Rb3+ 49. Kf2 Ke4 50. Ke2 Rb2+ 51. Kd1 Kf3 52. Kc1 Rh2 53. g4 hxg4 54. hxg4 Kxg4 0-1


[Site "https://www.chess.com"]

[Event "Titled Tuesday Blitz March 21 Early 2023"]
[White "Rottenwohrer Suarez, Juan"]
[Black "Semenova, Alina"]
[WhiteFideId "32068182"]
[BlackFideId "24113875"]
[WhiteElo "2174"]
[BlackElo "1833"]
[Result "1-0"]
[Round "04"]
[TimeControl "180+2"]
[Date "2023.03.21"]
[WhiteClock "0:00:08"]
[BlackClock "0:00:03"]

1. a3 Nf6 2. Nf3 g6 3. g3 Bg7 4. Bg2 O-O 5. O-O d6 6. b4 e5 7. Bb2 a5 8. c4 axb4 9. axb4 Na6 10. b5 e4 11. Ng5 h6 12. Nh3 Bxh3 13. Bxh3 Nc5 14. Nc3 Qe7 15. Bg2 c6 16. Qc2 Nfd7 17. Rfb1 f5 18. d3 e3 19. f4 Ne6 20. bxc6 bxc6 21. Nd1 Bxb2 22. Qxb2 Rab8 23. Qc3 Nec5 24. Bxc6 Nf6 25. d4 Nce4 26. Qxe3 Qc7 27. d5 Rxb1 28. Rxb1 Rd8 29. Nf2 Nxf2 30. Qxf2 Ne4 31. Qd4 Qe7 32. Rb7 Qf8 33. Kg2 Rb8 34. Qb6 Rxb7 35. Qxb7 Qf7 36. Qxf7+ Kxf7 37. Bb5 Kf6 38. Kf3 Nc5 39. Ke3 Kf7 40. Kd4 Kf6 41. e3 Ke7 42. h3 Kf6 43. Be8 g5 44. Bh5 Ke7 45. Bd1 Kf6 46. Bc2 Ke7 47. Bxf5 gxf4 48. gxf4 Kf6 49. Bc2 Ke7 50. e4 Kf6 51. e5+ Ke7 52. e6 Nb7 53. f5 Nc5 54. Ke3 Kf6 55. Kf4 h5 56. Kg3 Kg5 57. Kf3 Kf6 58. Kf4 Nb7 59. Bd1 Nc5 60. Bxh5 Nb7 61. Bd1 Na5 62. Be2 Nb3 63. h4 Nd4 64. Bd1 Kg7 65. Kg5 Kf8 66. f6 Ke8 67. Kg6 Kf8 68. h5 Nxe6 69. dxe6 Ke8 70. h6 d5 71. cxd5 Kf8 72. d6 Ke8 73. h7 1-0


[Site "https://www.chess.com"]

[Event "Titled Tuesday Blitz March 21 Early 2023"]
[White "Prado, Alexandra"]
[Black "Gonzalez, Francisco Silva"]
[WhiteFideId "3301346"]
[BlackFideId "1512285"]
[WhiteElo "1759"]
[BlackElo "2074"]
[Result "0-1"]
[Round "04"]
[TimeControl "180+2"]
[Date "2023.03.21"]
[WhiteClock "0:00:01"]
[BlackClock "0:01:24"]

1. e4 e5 2. Nf3 Nc6 3. d4 exd4 4. Nxd4 Bc5 5. Nb3 Bb6 6. Qe2 a5 7. a4 Nb4 8. c3 Nc6 9. N1d2 Nge7 10. Nc4 Ba7 11. Bg5 O-O 12. Qh5 Qe8 13. Bd3 f6 14. Qxe8 Rxe8 15. Bf4 d5 16. Ne3 Bb6 17. O-O Be6 18. exd5 Nxd5 19. Nxd5 Bxd5 20. c4 Bf7 21. Rfe1 Red8 22. Rad1 Rxd3 23. Rxd3 Bxc4 24. Rc3 Bxb3 25. Rxb3 Rd8 26. Rbe3 Kf7 27. Re4 f5 28. R4e2 h6 29. h3 g5 30. Be3 Bxe3 31. Rxe3 Rd4 32. R3e2 Rxa4 33. Rd2 Nd4 34. Red1 c5 35. b3 Rb4 36. Rd3 b6 37. Rb1 a4 38. Ra1 axb3 39. Ra7+ Kf6 40. Ra1 h5 41. g3 g4 42. hxg4 hxg4 43. Re3 b2 44. Rb1 Nf3+ 45. Kg2 Rc4 0-1


[Site "https://www.chess.com"]

[Event "Titled Tuesday Blitz March 21 Early 2023"]
[White "Miszler, Levente"]
[Black "Buscar, Michael"]
[WhiteFideId "763276"]
[BlackFideId "2603616"]
[WhiteElo "2176"]
[BlackElo "2010"]
[Result "1/2-1/2"]
[Round "04"]
[TimeControl "180+2"]
[Date "2023.03.21"]
[WhiteClock "0:00:48"]
[BlackClock "0:00:22"]

1. Nf3 d5 2. c4 e6 3. g3 Nf6 4. Bg2 Be7 5. O-O O-O 6. d4 c6 7. Qc2 Nbd7 8. b3 Re8 9. Bb2 Nf8 10. Nbd2 Ng6 11. e4 dxe4 12. Nxe4 Nxe4 13. Qxe4 Bf6 14. Rad1 Qa5 15. a3 Bd7 16. Rfe1 Rad8 17. Ne5 Bc8 18. b4 Qc7 19. c5 Bxe5 20. dxe5 Rxd1 21. Rxd1 Ne7 22. Rd6 Nd5 23. Qd4 b6 24. Bf1 b5 25. Bc1 Bd7 26. Bd2 Rc8 27. Qa1 a6 28. a4 Qb7 29. axb5 axb5 30. Qa5 Be8 31. Rd8 Kf8 32. Bg2 Qb8 33. Rxc8 Qxc8 34. Qa7 Qc7 35. Qa8 Qxe5 36. Bxd5 exd5 37. Bf4 Qe1+ 38. Kg2 Qe4+ 39. f3 Qe2+ 40. Kh3 Qe6+ 41. g4 h5 42. Qd8 hxg4+ 43. fxg4 g6 44. Bh6+ Kg8 45. Qg5 Bd7 46. Qf4 Kh7 47. Kg3 Qxg4+ 48. Qxg4 Bxg4 49. Be3 Be6 50. Kf4 f6 51. Bd4 Kg7 52. h4 Kf7 53. Bc3 Bf5 54. Bd4 Ke6 55. Bc3 Bc2 56. Bd4 Bd1 57. Bc3 Bh5 58. Bd4 Kf7 59. Bc3 Ke6 60. Bd4 Kf7 61. Bc3 Be2 62. Bd4 Bd3 63. Bc3 Be4 64. Bd4 Kg7 65. Bc3 Kf7 66. Bd4 Ke6 67. Bc3 Bg2 68. Bd4 Bh1 69. Bc3 g5+ 70. hxg5 fxg5+ 71. Kxg5 d4 72. Bxd4 Kd5 73. Bc3 Kc4 74. Be1 Bd5 75. Kf6 Kd3 76. Ke7 Ke2 77. Bg3 Kd3 78. Kd6 Kc4 79. Be1 Kd3 80. Kc7 Ke2 81. Bh4 Kd2 82. Kb6 1/2-1/2


[Site "https://www.chess.com"]

[Event "Titled Tuesday Blitz March 21 Early 2023"]
[White "Gatterer, Florian"]
[Black "Korpics, Zsolt"]
[WhiteFideId "811688"]
[BlackFideId "705241"]
[WhiteElo "2221"]
[BlackElo "2321"]
[Result "1/2-1/2"]
[Round "04"]
[TimeControl "180+2"]
[Date "2023.03.21"]
[WhiteClock "0:00:02"]
[BlackClock "0:00:07"]

1. d4 Nf6 2. Bf4 d5 3. e3 c5 4. Nf3 Nc6 5. c3 Qb6 6. Qb3 c4 7. Qc2 Bf5 8. Qc1 e6 9. h3 h6 10. Nbd2 Qd8 11. Be2 Bd6 12. Bxd6 Qxd6 13. O-O g5 14. Nh2 h5 15. b3 g4 16. bxc4 gxh3 17. cxd5 hxg2 18. Re1 Ng4 19. Ndf3 exd5 20. c4 Be4 21. cxd5 Ne7 22. Qc5 Qf6 23. d6 Ng6 24. d7+ Kxd7 25. Rac1 Rac8 26. Bb5+ Bc6 27. Bxc6+ Rxc6 28. Qxa7 Kc7 29. Qa5+ Kb8 30. d5 Rcc8 31. Rb1 Rc7 32. Rec1 Rxc1+ 33. Rxc1 Qd6 34. Rb1 Nh4 35. Qb4 Nxf3+ 36. Nxf3 Qxb4 37. Rxb4 Nf6 38. Kxg2 Nxd5 39. Rd4 Nc7 40. Rd7 Rf8 41. Ne5 Kc8 42. Rd4 f6 43. Nc4 Ne6 44. Nd6+ Kd7 45. Rd2 Kc6 46. Ne4 Rd8 47. Rxd8 Nxd8 48. Nxf6 h4 49. Kh3 Kb5 50. Kxh4 Ka4 51. Ne4 Ka3 52. Nc5 b6 53. Nd7 b5 54. Ne5 Kxa2 55. Nd3 Kb3 56. f4 Kc3 57. Nc5 b4 58. f5 Kc4 59. Na4 b3 60. f6 Kb4 61. Nb2 Ka3 62. Nc4+ Kb4 63. Nb2 Kc3 64. Na4+ Kd3 65. Kg5 Kxe3 66. Kg6 Kd4 67. f7 Nxf7 68. Kxf7 Kc4 69. Kf6 Kb4 70. Nb2 Kc3 71. Na4+ Kb4 72. Nb2 Ka3 73. Nc4+ Kb4 74. Nb2 1/2-1/2


[Site "https://www.chess.com"]

[Event "Titled Tuesday Blitz March 21 Early 2023"]
[White "Zanette, Edgard Vinicius"]
[Black "Silva, Caio Henrique Angelico"]
[WhiteFideId "2109263"]
[BlackFideId "22777210"]
[WhiteElo "2211"]
[BlackElo "2096"]
[Result "1-0"]
[Round "04"]
[TimeControl "180+2"]
[Date "2023.03.21"]
[WhiteClock "0:00:06"]
[BlackClock "0:00:15"]

1. e4 c6 2. d4 d5 3. e5 c5 4. dxc5 e6 5. Be3 Nd7 6. Bb5 a6 7. Bxd7+ Bxd7 8. c3 Ne7 9. Bd4 Nc6 10. Ne2 Qc7 11. f4 Be7 12. Nd2 Nxd4 13. cxd4 b6 14. b4 a5 15. a3 Bb5 16. Nc3 Bd3 17. Qf3 axb4 18. Nxd5 exd5 19. Qxd3 bxc5 20. dxc5 Bxc5 21. Rc1 Qb6 22. Qxd5 Rc8 23. Nc4 Qb8 24. Nd6+ Bxd6 25. Rxc8+ Qxc8 26. exd6 O-O 27. O-O bxa3 28. d7 Qb8 29. Qa5 Rd8 30. Rd1 h6 31. Qxa3 Qxf4 32. Qe7 Qc7 33. Qe8+ Kh7 34. Qe4+ Kg8 35. Qe8+ Kh7 36. Qxf7 Qb6+ 37. Qf2 Qc6 38. Qd2 Kh8 39. h3 Qc5+ 40. Qd4 Qc6 41. Qd5 Qb6+ 42. Kh1 Qf6 43. Re1 Qc3 44. Re8+ Kh7 45. Qe4+ g6 46. Qe7+ 1-0


[Site "https://www.chess.com"]

[Event "Titled Tuesday Blitz March 21 Early 2023"]
[White "Abrosimov, Vladimir"]
[Black "Szyszylo, Rafal"]
[WhiteFideId "4166892"]
[BlackFideId "1109626"]
[WhiteElo "2336"]
[BlackElo "1951"]
[Result "1/2-1/2"]
[Round "04"]
[TimeControl "180+2"]
[Date "2023.03.21"]
[WhiteClock "0:00:44"]
[BlackClock "0:00:31"]

1. c4 g6 2. Nc3 Bg7 3. g3 Nf6 4. Bg2 O-O 5. d3 d6 6. e4 e5 7. Nge2 Be6 8. O-O h6 9. f4 exf4 10. gxf4 Nc6 11. f5 Bd7 12. Ng3 Kh7 13. Be3 Ne5 14. h3 c6 15. b3 c5 16. d4 cxd4 17. Bxd4 Bc6 18. Nd5 Bxd5 19. exd5 a6 20. Qd2 Re8 21. Rae1 g5 22. Ne4 Nxe4 23. Bxe4 Bf6 24. Bg2 b5 25. c5 dxc5 26. Bxc5 Rc8 27. b4 a5 28. a3 axb4 29. axb4 Nd7 30. Bd4 Bxd4+ 31. Qxd4 Qb6 32. Qxb6 Nxb6 33. Rxe8 Rxe8 34. Rc1 Nc4 35. Kf2 Kg7 36. Bf1 Ne3 37. Re1 Re5 38. Rxe3 Rxf5+ 39. Rf3 Rxd5 40. Bd3 Rd4 41. Bxb5 Rxb4 42. Be2 Rf4 43. Rxf4 gxf4 44. Kf3 f5 45. Kxf4 h5 46. Kxf5 h4 47. Kg5 Kh8 48. Kxh4 Kg8 49. Kg5 Kh8 1/2-1/2


[Site "https://www.chess.com"]

[Event "Titled Tuesday Blitz March 21 Early 2023"]
[White "Topalov, Aleksandar"]
[Black "Ruge, Edison"]
[WhiteFideId "925659"]
[BlackFideId "4401000"]
[WhiteElo "2151"]
[BlackElo "2175"]
[Result "1-0"]
[Round "04"]
[TimeControl "180+2"]
[Date "2023.03.21"]
[WhiteClock "0:02:28"]
[BlackClock "0:01:59"]

1. b3 e5 2. Bb2 Nc6 3. c4 d6 4. e3 f5 5. Nf3 Nf6 6. d4 e4 7. d5 exf3 8. dxc6 fxg2 9. Bxg2 b6 10. Nc3 Be7 11. Qd4 O-O 12. Rg1 Rf7 13. Bd5 Nxd5 14. Nxd5 Bf8 15. O-O-O Be6 16. Nf4 Qe7 17. Rg3 Rf6 18. Qxf6 1-0


[Site "https://www.chess.com"]

[Event "Titled Tuesday Blitz March 21 Early 2023"]
[White "Meunier-Pion, Jean"]
[Black "Fernandez Hernandez, Gerardo"]
[WhiteFideId "20685327"]
[BlackFideId "2207400"]
[WhiteElo "2124"]
[BlackElo "2205"]
[Result "1/2-1/2"]
[Round "04"]
[TimeControl "180+2"]
[Date "2023.03.21"]
[WhiteClock "0:00:03"]
[BlackClock "0:00:25"]

1. d4 Nf6 2. c4 c5 3. d5 g6 4. Nc3 Bg7 5. e4 d6 6. Nf3 O-O 7. h3 e5 8. Bg5 h6 9. Bh4 g5 10. Bg3 Nh5 11. Bh2 Nf4 12. g4 Na6 13. Rg1 Bd7 14. Qd2 Nc7 15. a4 Na6 16. h4 f6 17. Ne2 Nb4 18. Nxf4 exf4 19. Bd3 Re8 20. e5 Nxd3+ 21. Qxd3 fxe5 22. Qe4 Bf6 23. Ke2 a6 24. a5 Kg7 25. Rg2 b5 26. axb6 Qxb6 27. Rb1 a5 28. h5 Kh8 29. Qg6 Bg7 30. Nxg5 hxg5 31. h6 Bf8 32. Qxg5 Qb3 33. Qf6+ Kg8 34. Qg6+ Kh8 35. Qf6+ Kg8 36. Qg6+ Kh8 37. Qf6+ 1/2-1/2


[Site "https://www.chess.com"]

[Event "Titled Tuesday Blitz March 21 Early 2023"]
[White "Lorparizangeneh, Shahin"]
[Black "babbilator"]
[WhiteFideId "12521604"]
[WhiteElo "2526"]
[BlackElo "2224"]
[Result "1-0"]
[Round "04"]
[TimeControl "180+2"]
[Date "2023.03.21"]
[WhiteClock "0:01:08"]
[BlackClock "0:00:15"]

1. e4 c5 2. Nf3 e6 3. g3 Nc6 4. Bg2 Nf6 5. Qe2 e5 6. O-O Be7 7. c3 O-O 8. d4 cxd4 9. cxd4 exd4 10. e5 Ne8 11. Rd1 d6 12. exd6 Bf6 13. Na3 Nxd6 14. Nb5 Bg4 15. h3 Bxf3 16. Bxf3 Nxb5 17. Qxb5 Qb6 18. Qxb6 axb6 19. Bf4 Rac8 20. Rac1 Rfd8 21. a3 h6 22. Bg4 Ra8 23. Bc7 Rd7 1-0


[Site "https://www.chess.com"]

[Event "Titled Tuesday Blitz March 21 Early 2023"]
[White "Levitan, Caleb Levi"]
[Black "Belozerov, Andrei"]
[WhiteFideId "14332620"]
[BlackFideId "4120213"]
[WhiteElo "1963"]
[BlackElo "2360"]
[Result "1/2-1/2"]
[Round "04"]
[TimeControl "180+2"]
[Date "2023.03.21"]
[WhiteClock "0:00:19"]
[BlackClock "0:00:09"]

1. e4 c5 2. Nf3 d6 3. d4 cxd4 4. Qxd4 Nc6 5. Bb5 Bd7 6. Bxc6 Bxc6 7. Nc3 Nf6 8. Bg5 e6 9. O-O-O Be7 10. Rhe1 O-O 11. e5 dxe5 12. Nxe5 Qc8 13. Qc4 Rd8 14. Rxd8+ Bxd8 15. Nxc6 Qxc6 16. Qxc6 bxc6 17. Rd1 Nd5 18. Bxd8 Rxd8 19. Ne4 Rc8 20. c4 Nb6 21. b3 Kf8 22. a4 a5 23. Nc5 Ke7 24. Kc2 g5 25. Kc3 Rb8 26. Ne4 h6 27. Nc5 g4 28. Rb1 Kd6 29. Ne4+ Kc7 30. Nc5 Rd8 31. b4 axb4+ 32. Rxb4 Ra8 33. Kb3 h5 34. Ne4 Ra5 35. Nd6 Kxd6 36. Rxb6 Rf5 37. Rb7 Rxf2 38. a5 Rf1 39. Kb2 Rf2+ 40. Kb3 Rxg2 41. a6 Rg1 42. Kb2 Rg2+ 43. Kb3 Rg1 44. Kb2 Rg2+ 45. Ka1 Rg1+ 46. Ka2 Rg2+ 47. Ka3 Rg1 48. Kb2 1/2-1/2


[Site "https://www.chess.com"]

[Event "Titled Tuesday Blitz March 21 Early 2023"]
[White "Orlov, Georgi"]
[Black "Sarkar, Justin"]
[WhiteFideId "2011271"]
[BlackFideId "2010011"]
[WhiteElo "2608"]
[BlackElo "2189"]
[Result "1-0"]
[Round "04"]
[TimeControl "180+2"]
[Date "2023.03.21"]
[WhiteClock "0:00:30"]
[BlackClock "0:00:01"]

1. d4 Nf6 2. Nf3 d5 3. c4 e6 4. g3 Bb4+ 5. Bd2 Be7 6. Qb3 O-O 7. Bg2 c6 8. O-O dxc4 9. Qxc4 b5 10. Qc2 Bb7 11. b4 Nbd7 12. a3 a5 13. bxa5 c5 14. dxc5 Nxc5 15. Bb4 Rc8 16. Rd1 Nd5 17. e4 Nxb4 18. axb4 Nxe4 19. Qe2 Qc7 20. Nd4 Nd6 21. Na3 Bxg2 22. Kxg2 Rfd8 23. Qf3 Bf6 24. Ndxb5 Nxb5 25. Nxb5 Qb8 26. a6 Qxb5 27. Rxd8+ 1-0


[Site "https://www.chess.com"]

[Event "Titled Tuesday Blitz March 21 Early 2023"]
[White "Tanmay Jain"]
[Black "Shukhman, Anna"]
[WhiteFideId "45015481"]
[BlackFideId "54180058"]
[WhiteElo "2032"]
[BlackElo "2125"]
[Result "0-1"]
[Round "04"]
[TimeControl "180+2"]
[Date "2023.03.21"]
[WhiteClock "0:00:19"]
[BlackClock "0:00:42"]

1. Nf3 Nf6 2. g3 g6 3. Bg2 Bg7 4. O-O O-O 5. d4 d6 6. Re1 Nc6 7. d5 Na5 8. e4 c5 9. Qd3 Bd7 10. Bd2 b5 11. Bf4 Nh5 12. Bc1 Nc4 13. Nc3 f5 14. Nd2 Nxd2 15. Bxd2 b4 16. Nd1 f4 17. c3 a5 18. a3 b3 19. c4 a4 20. Bc3 Qe8 21. Bxg7 Nxg7 22. Nc3 Qf7 23. Qf3 g5 24. e5 g4 25. Qxf4 Qxf4 26. gxf4 Rxf4 27. exd6 exd6 28. Re7 Bf5 29. Nb5 Rd8 30. Bf1 Re4 31. Rxe4 Bxe4 32. Re1 Bf3 33. Re7 Nf5 34. Ra7 Re8 35. Rxa4 Re1 36. Ra8+ Kf7 37. Ra7+ Kg6 38. Nc3 Nd4 39. Rd7 Ne2+ 40. Nxe2 Bxe2 41. Rxd6+ Kf5 42. Rb6 Bxf1 43. f3 Bxc4+ 44. Kf2 Rf1+ 45. Kg3 Rxf3+ 46. Kg2 Bxd5 47. Rb5 Rd3+ 48. Kf2 Rd2+ 49. Ke3 Rc2 50. a4 h5 51. a5 h4 52. a6 g3 53. hxg3 hxg3 54. Rb8 g2 55. a7 g1=Q+ 0-1


[Site "https://www.chess.com"]

[Event "Titled Tuesday Blitz March 21 Early 2023"]
[White "Omariev, Maksim"]
[Black "Biriukov, Ilja"]
[WhiteFideId "4193423"]
[BlackFideId "4113373"]
[WhiteElo "2452"]
[BlackElo "2426"]
[Result "1-0"]
[Round "04"]
[TimeControl "180+2"]
[Date "2023.03.21"]
[WhiteClock "0:00:13"]
[BlackClock "0:00:25"]

1. h4 Nc6 2. h5 h6 3. d4 d5 4. Nf3 Bg4 5. Ne5 Nxe5 6. dxe5 e6 7. f3 Bf5 8. g4 Bh7 9. Bf4 Be7 10. Qd2 Bh4+ 11. Kd1 Bg5 12. e3 Bxf4 13. exf4 Ne7 14. Nc3 a6 15. Bd3 Bxd3 16. cxd3 c5 17. Ke2 b5 18. d4 cxd4 19. Qxd4 Rc8 20. Rac1 Rc4 21. Qd2 Nc6 22. Kf2 Qb6+ 23. Kg3 Ke7 24. b3 Rd4 25. Qf2 Rb8 26. Rhd1 Rxd1 27. Qxb6 Rxb6 28. Nxd1 Kd7 29. Nf2 Nb4 30. a3 Rc6 31. Rxc6 Nxc6 32. Nd3 Nd4 33. b4 Nc2 34. f5 Nxa3 35. Nc5+ Ke7 36. Nxa6 Nc2 37. Kf4 Nxb4 38. Nxb4 f6 39. Nc6+ Kd7 40. Nd4 exf5 41. Kxf5 b4 42. exf6 gxf6 43. Kxf6 Kd6 44. g5 hxg5 45. h6 1-0


[Site "https://www.chess.com"]

[Event "Titled Tuesday Blitz March 21 Early 2023"]
[White "Fajdetic, Hrvoje"]
[Black "Tomaszewski, Kacper"]
[WhiteFideId "14501945"]
[BlackFideId "1127373"]
[WhiteElo "2185"]
[BlackElo "2211"]
[Result "0-1"]
[Round "04"]
[TimeControl "180+2"]
[Date "2023.03.21"]
[WhiteClock "0:02:09"]
[BlackClock "0:02:01"]

1. f4 Nh6 2. e4 e5 3. d3 Bc5 4. Nc3 d6 5. fxe5 dxe5 6. Bxh6 Qh4+ 7. g3 Qxh6 8. Nf3 Bg4 9. Be2 Qe3 10. Qd2 Qf2+ 11. Kd1 Bxf3 0-1


[Site "https://www.chess.com"]

[Event "Titled Tuesday Blitz March 21 Early 2023"]
[White "Barria Santos, Jose Guilherme"]
[Black "Vivas Zamora, Fabian Ernesto"]
[WhiteFideId "1939300"]
[BlackFideId "3902480"]
[WhiteElo "2301"]
[BlackElo "2262"]
[Result "0-1"]
[Round "04"]
[TimeControl "180+2"]
[Date "2023.03.21"]
[WhiteClock "0:01:38"]
[BlackClock "0:00:42"]

1. e4 e5 2. Nf3 Nc6 3. d4 exd4 4. Nxd4 Nf6 5. Nxc6 bxc6 6. e5 Qe7 7. Qe2 Nd5 8. c4 Ba6 9. b3 g6 10. g3 Bg7 11. Bb2 O-O 12. Bg2 Rae8 13. O-O Bxe5 14. Qxe5 Qxe5 15. Bxe5 Rxe5 16. cxd5 Bxf1 17. Kxf1 cxd5 18. Nc3 c6 19. Bf3 Rb8 20. Na4 Kf8 21. Nc5 Ke7 22. Re1 Rxe1+ 23. Kxe1 Kd6 24. Nd3 a5 25. Nb2 c5 26. Kd2 h5 27. Na4 f5 28. Nc3 d4 29. Nd5 a4 30. Nf4 axb3 31. axb3 Rxb3 32. Bd1 Rb2+ 33. Bc2 c4 34. Kc1 Ra2 35. Nxg6 d3 36. Bd1 c3 0-1


[Site "https://www.chess.com"]

[Event "Titled Tuesday Blitz March 21 Early 2023"]
[White "Vedder, Richard"]
[Black "Thiel, Thomas"]
[WhiteFideId "1004166"]
[BlackFideId "4615964"]
[WhiteElo "2168"]
[BlackElo "2243"]
[Result "1-0"]
[Round "04"]
[TimeControl "180+2"]
[Date "2023.03.21"]
[WhiteClock "0:00:36"]
[BlackClock "0:00:01"]

1. d4 Nf6 2. c4 g6 3. Nc3 d5 4. cxd5 Nxd5 5. Bd2 c5 6. dxc5 Bg7 7. e4 Nxc3 8. Bxc3 Bxc3+ 9. bxc3 Qxd1+ 10. Rxd1 O-O 11. Nf3 Be6 12. a4 Nd7 13. c6 bxc6 14. Nd4 Ne5 15. Nxe6 fxe6 16. Be2 Rab8 17. O-O Rb2 18. Ba6 Rb6 19. Be2 Rb2 20. Rde1 Kg7 21. f4 Nd7 22. Bc4 Nc5 23. a5 Rd8 24. Rd1 Rxd1 25. Rxd1 Nxe4 26. Bxe6 Nxc3 27. Rd7 Ne2+ 28. Kf1 Nxf4 29. Bc4 Rb4 30. Rxe7+ Kf6 31. Rf7+ Ke5 32. Ba6 Ra4 33. g3 Nd5 34. Bb7 Rxa5 35. Bxc6 Nf6 36. Bf3 Ra2 37. h4 a5 38. Re7+ Kd6 39. Rf7 Ke6 40. Ra7 a4 41. Ra6+ Ke5 42. Ra5+ Kd4 43. Ra6 Nh5 44. Bxh5 gxh5 45. Ra5 Ke3 46. Rxh5 Rf2+ 47. Kg1 Rf3 48. Kg2 Rf2+ 49. Kg1 Rf3 50. Kg2 Rf2+ 51. Kh3 Rf1 52. Rxh7 a3 53. Ra7 Ra1 54. Kg4 a2 55. h5 Kf2 56. h6 Ke3 57. h7 Rh1 58. Rxa2 Rxh7 59. Ra4 Rg7+ 60. Kh3 Kf3 61. Rf4+ Ke3 62. Rf1 Ke4 63. g4 Ke3 64. Kh4 Ke4 65. g5 Ke5 66. Kh5 Ke6 67. g6 Rg8 68. Kh6 Rh8+ 69. Kg7 Rh2 70. Re1+ Kd7 71. Kf7 Rf2+ 72. Kg8 1-0


[Site "https://www.chess.com"]

[Event "Titled Tuesday Blitz March 21 Early 2023"]
[White "Clawitter, Craig"]
[Black "Chernov, Mikhail"]
[WhiteFideId "2023105"]
[BlackFideId "24143170"]
[WhiteElo "2238"]
[BlackElo "2113"]
[Result "0-1"]
[Round "04"]
[TimeControl "180+2"]
[Date "2023.03.21"]
[WhiteClock "0:00:02"]
[BlackClock "0:01:57"]

1. e4 g6 2. d4 Bg7 3. Nc3 d6 4. Be3 a6 5. Qd2 b5 6. Bd3 Nd7 7. Nf3 Bb7 8. O-O e6 9. a4 b4 10. Ne2 a5 11. h3 h6 12. c3 c5 13. Ng3 Ne7 14. Bb5 cxd4 15. Bxd4 Bxd4 16. Qxd4 O-O 17. Qxd6 Nf6 18. Qxd8 Rfxd8 19. cxb4 axb4 20. Rfe1 g5 21. Rad1 Ng6 22. Rc1 Nf4 23. Rc7 Rab8 24. Rec1 g4 25. hxg4 Nxg4 26. a5 Bxe4 27. Nxe4 Rxb5 28. a6 Ne2+ 29. Kf1 Nxc1 30. Rxc1 Ra5 31. Nc5 Rc8 0-1


[Site "https://www.chess.com"]